 Dungeon Crawl Stone Soup version 0.24.0-123-gd5b16e6ec5 (webtiles) character file.

Game seed: 10331974828928446401, levelgen mode: deterministic

268 Delamore the Cleaver (level 6, 0/51 HPs)
             Began as a Hill Orc Fighter on Dec 25, 2019.
             Was an Initiate of Jiyva.
             Slain by a scorpion (4 damage)
             ... on level 4 of the Dungeon.
             The game lasted 00:03:09 (2914 turns).

Delamore the Cleaver (Hill Orc Fighter)             Turns: 2914, Time: 00:03:10

Health: 0/51       AC:  6    Str: 21    XL:     6   Next: 21%
Magic:  6/6        EV:  5    Int:  8    God:    Jiyva [......]
Gold:   179        SH:  0    Dex: 10    Spells: 5/5 levels left

rFire    . . .     SeeInvis .   a - +0 war axe
rCold    . . .     Gourm    .   c - +0 shield
rNeg     . . .     Faith    .   b - +0 scale mail
rPois    .         Spirit   .   (no helmet)
rElec    .         Reflect  .   (no cloak)
rCorr    .         Harm     .   (no gloves)
MR       .....     Rnd*Tele +   (no boots)
Stlth    ..........             (no amulet)
HPRegen  0.17/turn              u - ring of teleportation (curse)
MPRegen  0.10/turn              s - +1 ring of evasion

@: lethally poisoned (0 -> -2), held
A: no striking features
a: Renounce Religion


You were on level 4 of the Dungeon.
You worshipped Jiyva.
Jiyva was noncommittal.
You were not hungry.

You visited 2 branches of the dungeon, and saw 5 of its levels.

You collected 179 gold pieces.

Inventory:

Hand Weapons
 a - a +0 war axe (weapon)
Armour
 b - a +0 scale mail (worn)
 c - a +0 shield (worn)
Jewellery
 s - a +1 ring of evasion (right hand)
 u - a cursed ring of teleportation (left hand)
Scrolls
 k - 3 scrolls of teleportation {unknown}
 m - 2 scrolls of identify {unknown}
 n - a scroll of magic mapping {unknown}
 o - 2 scrolls of noise {unknown}
 p - a scroll of random uselessness {unknown}
 r - 7 scrolls of remove curse {unknown}
 t - a scroll of fear {unknown}
 v - a scroll of immolation {unknown}
 w - 3 scrolls of fog {unknown}
Potions
 d - a potion of might
 e - a potion of magic {unknown}
 g - 2 potions of haste {unknown}
 h - a potion of lignification {unknown}
 i - a potion of degeneration {unknown}
 j - a potion of mutation {unknown}
 l - 4 potions of curing {unknown}
 q - 2 potions of brilliance {unknown}
Comestibles
 f - 8 rations


   Skills:
 - Level 3.6 Fighting
 + Level 8.4 Axes
 - Level 3.2 Armour
 - Level 3.2 Shields


You had 5 spell levels left.
You didn't know any spells.
Your spell library was empty.

Dungeon Overview and Level Annotations

Branches:
Dungeon (4/15)             Temple (1/1) D:4

Altars:
Ashenzari
Dithmenos
Elyvilon
Fedhas
Makhleb
Qazlal
Ru
Sif Muna
Wu Jian
Xom
Jiyva


Message History

The gnoll barely misses you. The scorpion stings you.
You barely miss the scorpion.
The scorpion is heavily wounded.
You closely miss the gnoll. The gnoll barely misses you.
You block the gnoll's attack. The scorpion stings you!
* * * LOW HITPOINT WARNING * * *
The gnoll hits you from afar with a +0 spear.
* * * LOW HITPOINT WARNING * * *
You feel sick.
You feel sick.
You feel sick.
You feel sick.
You hear a distant slurping noise.
Jiyva appreciates your sacrifice.
You feel sick.
The gnoll throws a throwing net.
The throwing net hits you.
You become entangled in the net!
You see here a throwing net.
You struggle against the net.
You feel sick. The scorpion stings you.
You die...

#...............<...
##.#.#.#.#.#...#####
#.................#
##..##.....##.###..
##.###.##..#.#
#.....###.#.###..
##.<### #.......#
##...#........###
#.@#.#.#.#..#.#
####.s#.# #. ..# .#
##.##.....#.# #. #..
# ........#.#.# ..
##. .g######.#.###.#
#. #.
..#...#..#g.#... ..
## g. #...###.####
.. ##...###g.## #.
#....g.>..#


You could see a scorpion and a gnoll.

Vanquished Creatures
  A howler monkey (D:4)
  Terence (D:2)
  2 worker ants
  4 gnolls
  2 adders (D:3)
  2 worms
  2 dart slugs
  6 leopard geckos
  2 orcs (D:4)
  5 giant cockroaches
  10 goblins
  14 hobgoblins
  2 jackals (D:4)
  3 kobolds
  A quokka (D:3)
  9 bats
  6 frilled lizards
  15 rats
87 creatures vanquished.

Vanquished Creatures (others)
  An orc (D:4)
1 creature vanquished.

Grand Total: 88 creatures vanquished

Notes
Turn   | Place    | Note
-------+----------+-------------------------------------------
     0 | D:1      | Delamore the Hill Orc Fighter began the quest for the Orb.
     0 | D:1      | Reached XP level 1. HP: 19/19 MP: 1/1
    97 | D:1      | Reached skill level 3 in Axes
   133 | D:1      | Reached XP level 2. HP: 20/26 MP: 2/2
   169 | D:1      | Reached skill level 4 in Axes
   417 | D:1      | Reached XP level 3. HP: 31/31 MP: 3/3
   789 | D:2      | Reached skill level 5 in Axes
  1185 | D:2      | Noticed Terence
  1191 | D:2      | Killed Terence
  1191 | D:2      | Reached skill level 6 in Axes
  1191 | D:2      | Reached XP level 4. HP: 39/39 MP: 4/4
  1505 | D:3      | Reached XP level 5. HP: 45/45 MP: 5/5
  1816 | D:3      | Reached skill level 7 in Axes
  2634 | D:4      | Found a staircase to the Ecumenical Temple.
  2647 | D:4      | Reached skill level 8 in Axes
  2655 | D:4      | Reached XP level 6. HP: 14/51 MP: 6/6
  2667 | Temple   | Entered the Ecumenical Temple
  2788 | Temple   | Became a worshipper of Jiyva Jazoank the Shapeless
  2881 | D:4      | Found a shadowy altar of Dithmenos.
  2891 | D:4      | Found a shimmering blue altar of Sif Muna.
  2914 | D:4      | Slain by a scorpion

Levels and vault maps discovered:
D:1:      dpeg_arrival_stone_temple_mockup, layout_loops_ring
D:2:      layout_loops_cross, first_ration, uniq_terence
D:3:      layout_basic, minivault_5, minmay_goblin_outpost
D:4:      layout_rooms, kennysheep_mini, zin_academy, minmay_temple_entry_glass,
          serial_shops, shop, grunt_decor_fettered,
          nicolae_dithmenos_shadow_blocks
Temple:   pf_slimified_temple

Skill      XL: |  1  2  3  4  5 |
---------------+----------------+-----
Axes           | 3 4 6 8 |  8.4
Fighting       | |  3.6
Armour         | |  3.2
Shields        | |  3.2

Action                   |  1- 3 |  4- 6 || total
-------------------------+-------+-------++-------
Melee: War axe           |   133 |   130 ||   263
Throw: Stone             |       |     3 ||     3
  Eat: Chunk             |     1 |     6 ||     7
Armor: Scale mail        |    89 |    43 ||   132
Dodge: Dodged            |    49 |    48 ||    97
Block: Shield            |    78 |    62 ||   140
